 Dungeon Crawl Stone Soup version 0.30-a0-622-gddc90eaa04 (webtiles) character file.

Game seed: 454835576713960090

45 hikkokomori the Shield-Bearer (level 3, -1/30 HPs)
             Began as a Formicid Fighter on Jan 11, 2023.
             Killed by divine providence
             ... invoked by an orc priest
              (9 damage)
             ... on level 3 of the Dungeon.
             The game lasted 00:01:47 (1440 turns).

hikkokomori the Shield-Bearer (Formicid Fighter)    Turns: 1440, Time: 00:01:47

Health: -1/30      AC:  8    Str: 22    XL:     3   Next: 90%
Magic:  3/3        EV:  9    Int:  7    God:
Gold:   72         SH:  5    Dex: 13    Spells: 2/2 levels left

rFire   . . .      SeeInvis +    a - +0 war axe
rCold   . . .      Faith    .    c - +0 buckler
rNeg    . . .      Spirit   .    b - +0 scale mail
rPois   .          Reflect  .    (helmet unavailable)
rElec   .          Harm     .    (no cloak)
rCorr   .          Rampage  .    (no gloves)
Will    .....                    k - +0 pair of boots Stlth
                                 (no amulet)
HPRegen 0.25/turn                (no ring)
MPRegen 0.08/turn                (no ring)

@: no status effects
A: permanent stasis, dig shafts and tunnels, antennae 3, four strong arms
a: Dig, Shaft Self


You were on level 3 of the Dungeon.
You visited 1 branch of the dungeon, and saw 3 of its levels.

You collected 72 gold pieces.

Inventory:

Hand Weapons
 a - a +0 war axe (weapon)
Armour
 b - a +0 scale mail (worn)
 c - a +0 buckler (worn)
 k - a +0 pair of boots (worn)
Scrolls
 i - a scroll of poison {unknown}
Potions
 d - a potion of might
 e - 4 potions of haste {unknown}
 f - 2 potions of degeneration {unknown}
 g - a potion of flight {unknown}
 h - 2 potions of heal wounds {unknown}
 j - 2 potions of brilliance {unknown}
 l - a potion of attraction {unknown}
 m - a potion of ambrosia {unknown}


   Skills:
 + Level 3.8 Fighting
 + Level 2.5 Axes
 + Level 3.8 Armour
 + Level 4.5 Shields


You had 2 spell levels left.
You didn't know any spells.
Your spell library was empty.

Dungeon Overview and Level Annotations

Branches:
Dungeon (3/15)

Altars:


Innate Abilities, Weirdness & Mutations

You cannot be hasted, slowed, berserked, paralysed or teleported.
You can dig through walls and to a lower floor.
You have a pair of large antennae on your head. (SInv)
Your four strong arms can wield two-handed weapons with a shield.


Message History

A kobold is nearby!
A kobold is nearby!
A kobold is nearby!
A kobold is nearby!
The kobold closely misses you.
You slash the kobold!
You kill the kobold!
An endoplasm comes into view.
Found a scroll labelled CUORAU HIHEM.
You slash the endoplasm!
You kill the endoplasm!
No target in view!
No target in view!
No target in view!
No target in view!
No target in view!
No target in view! 2 orcs and an orc priest come into view.
The orc priest shouts!
The orc moves out of view.
There are monsters nearby!
An orc priest comes into view. It is wielding a +0 flail.
The orc priest shouts!
You hear a shout!
The orc priest moves out of view.
There are monsters nearby!
An orc comes into view. It is wielding a +0 whip.
The orc priest invokes the aid of Beogh against you.
Beogh smites you!
Ouch! That really hurt!
There are monsters nearby!
The orc priest hits you but does no damage.
The orc hits you but does no damage.
You closely miss the orc priest. You barely miss the orc priest.
You slash the orc!
You kill the orc!
The orc priest hits you with a +0 flail!
* * * LOW HITPOINT WARNING * * *
The orc priest calls down the wrath of Beogh upon you.
Beogh smites you!
You die...

#### ########... .
......#.. .. .......
... ..... ....
.o.#..... .....
#oo..#..# ......
##@o.....# .....
###..#..#... #...
##?.....##
#..#####...#.#.....
#....#.........##..
#####....#.#......##
#
...<.................
#..............###$..
............#.## #..


You could see 2 orc priests and 2 orcs.

Vanquished Creatures
  An adder (D:2)
  A dart slug (D:2)
  An orc (D:3)
  A bat (D:1)
  6 endoplasms
  A hobgoblin (D:2)
  A quokka (D:1)
  6 ball pythons (D:1)
  3 frilled lizards (D:1)
  4 goblins (D:1)
  6 kobolds
  4 rats
35 creatures vanquished.

Notes
Turn   | Place    | Note
-------+----------+-------------------------------------------
     0 | D:1      | hikkokomori the Formicid Fighter began the quest for the
                  | Orb.
     0 | D:1      | Reached XP level 1. HP: 18/18 MP: 1/1
   168 | D:1      | Reached XP level 2. HP: 24/24 MP: 2/2
   613 | D:1      | Reached XP level 3. HP: 28/29 MP: 3/3
  1440 | D:3      | Killed from afar by an orc priest

Illustrated notes

Levels and vault maps discovered:
D:1:      dpeg_arrival_three_bigger_balls, layout_basic
D:2:      layout_rooms
D:3:      layout_rooms, uniq_jessica

Action                   || total
-------------------------++-------
Melee: War axe           ||    98
Armor: Scale mail        ||    53
Dodge: Dodged            ||    41
Block: Buckler           ||    17

Table legend: (Time is in decaauts)
 A = Elapsed time spent in this place.
 B = Non-inter-level travel time spent in this place.
 C = Inter-level travel time spent in this place.
 D = Time resting spent in this place.
 E = Time spent auto-exploring this place.
 F = Levels seen in this place.
 G = Mean time per level.
                   A        B        C        D        E       F      G
               +--------+--------+--------+--------+--------+-----+--------+
         Total |   1480 |   1440 |     40 |      0 |   1169 |   3 |  493.3 |
       Dungeon |   1480 |   1440 |     40 |      0 |   1169 |   3 |  493.3 |
               +--------+--------+--------+--------+--------+-----+--------+

Top non-repeatable levels by time:
     D:1: 919 daAuts
     D:2: 543 daAuts
     D:3: 17 daAuts
